 Dungeon Crawl Stone Soup version 0.21.1-1-g345015fe64 (webtiles) character file.

290 JarielCorvus the Magician (level 6, 0/32 HPs)
             Began as a Deep Elf Ice Elementalist on June 20, 2018.
             Was an Initiate of Qazlal.
             Shot with an arrow by a centaur (19 damage)
             ... on level 4 of the Dungeon.
             The game lasted 00:12:57 (3372 turns).

JarielCorvus the Magician (DEIE)                    Turns: 3372, Time: 00:12:58

Health: 0/32       AC:  7    Str:  5    XL:     6   Next: 9%
Magic:  5/17       EV: 13    Int: 22    God:    Qazlal [......]
Gold:   161        SH:  0    Dex: 15    Spells: 8/18 levels left

rFire    . . .     SeeInvis .   p - +1 falchion (drain)
rCold    . . .     Gourm    .   (no shield)
rNeg     . . .     Faith    .   a - +1 robe
rPois    .         Spirit   .   (no helmet)
rElec    .         Reflect  .   (no cloak)
rCorr    .         Harm     +   (no gloves)
MR       .....                  (no boots)
Stlth    ++........             g - amulet of harm
HPRegen  0.10/turn              h - +4 ring of protection
MPRegen  0.15/turn              (no ring)

@: no status effects
A: no striking features
a: Renounce Religion


You were on level 4 of the Dungeon.
You worshipped Qazlal.
Qazlal was noncommittal.
You were not hungry.

You visited 1 branch of the dungeon, and saw 4 of its levels.

You collected 161 gold pieces.

Inventory:

Hand Weapons
 p - a +1 falchion of draining (weapon)
Armour
 a - a +1 robe (worn)
 l - the +1 ring mail of Desuac {Str+4 SInv, unknown}
   (You found it on level 4 of the Dungeon)

   It affects your strength (+4).
   It lets you see invisible.
Jewellery
 d - an uncursed ring of flight {unknown}
 g - an amulet of harm (around neck)
 h - a +4 ring of protection (left hand)
 j - a cursed ring of loudness {unknown}
Scrolls
 f - a scroll of teleportation
 k - a scroll of enchant armour
 m - a scroll of remove curse
Potions
 e - 2 potions of curing
 i - a potion of magic {unknown}
 n - a potion of agility
 o - a potion of lignification {unknown}
 q - a potion of degeneration {unknown}
 r - a potion of invisibility {unknown}
Books
 b - a book of Frost

   Spells                             Type                      Level
   a - Freeze                         Ice                          1
   b - Throw Frost                    Conjuration/Ice              2
   c - Ozocubu's Armour               Charms/Ice                   3
   d - Throw Icicle                   Conjuration/Ice              4
   e - Summon Ice Beast               Ice/Summoning                4
Comestibles
 c - 6 rations


   Skills:
 - Level 2.4 Dodging
 - Level 2.4 Stealth
 * Level 6.5 Spellcasting
 + Level 3.2 Conjurations
 + Level 4.7 Ice Magic


You had 8 spell levels left.
You knew the following spells:

 Your Spells              Type           Power        Failure   Level  Hunger
a - Freeze                Ice            ####         1%          1    None
b - Throw Frost           Conj/Ice       ###...       2%          2    None
c - Ozocubu's Armour      Chrm/Ice       ###.....     10%         3    #......
d - Throw Icicle          Conj/Ice       ###.....     17%         4    ###....


Dungeon Overview and Level Annotations

Branches:
Dungeon (4/15)
 Temple: D:4-7

Altars:
Qazlal


Message History

The centaur shoots an arrow.
The arrow hits you!
You see here an arrow.
You see here 18 gold pieces.
The centaur shoots an arrow.
The arrow barely misses you.
You see here an arrow.
The centaur shoots an arrow.
The arrow hits you.
You see here an arrow.
Casting: Freeze
Confirm with . or Enter, or press ? or * to list all spells.
You don't know that spell.
Casting: Freeze
Confirm with . or Enter, or press ? or * to list all spells.
Aiming: Throw Icicle
Press: ? - help, Shift-Dir - straight line, f - centaur
Aim: a centaur, wielding a shortbow The shard of ice hits the centaur.
The centaur is heavily wounded.
The centaur shoots an arrow.
The arrow hits you!
Ouch! That really hurt!
You die...

.......... . ....... #..
..... #?$##.#.##
###....#.(#########
o.......)(c...!....
######.##$#.....# #.
#(......# .#. ###(@...#
...# #.....#
.....##...(.####..
.................
.............###########.
........#........<.......
........##†#############>
........##.# ........##.#


You could see a centaur.

Vanquished Creatures
  2 orc priests (D:3)
  2 orc wizards (D:3)
  3 worker ants (D:4)
  2 adders (D:2)
  3 worms
  3 dart slugs (D:1)
  A leopard gecko (D:1)
  6 orcs
  A ball python (D:1)
  7 bats
  3 giant cockroaches
  6 goblins
  8 hobgoblins
  2 quokkas (D:2)
  6 frilled lizards
  9 kobolds
  11 rats
75 creatures vanquished.

Notes
Turn   | Place    | Note
-------+----------+-------------------------------------------
     0 | D:1      | JarielCorvus the Deep Elf Ice Elementalist began the quest for the Orb.
     0 | D:1      | Reached XP level 1. HP: 10/10 MP: 6/6
   241 | D:1      | Reached XP level 2. HP: 15/15 MP: 4/8
   245 | D:1      | Learned a level 2 spell: Throw Frost
   489 | D:1      | Reached skill level 4 in Spellcasting
   963 | D:1      | Reached XP level 3. HP: 19/19 MP: 5/10
   968 | D:1      | Learned a level 3 spell: Ozocubu's Armour
  1826 | D:2      | Found a stormy altar of Qazlal.
  1827 | D:2      | Noticed an earth elemental
  1829 | D:2      | Noticed an air elemental
  1829 | D:2      | Noticed a water elemental
  1829 | D:2      | Noticed a fire elemental
  1851 | D:2      | Became a worshipper of Qazlal Stormbringer
  1968 | D:2      | Reached XP level 4. HP: 24/24 MP: 2/12
  2284 | D:2      | Reached skill level 5 in Spellcasting
  2653 | D:3      | Reached XP level 5. HP: 12/28 MP: 3/15
  2902 | D:3      | Reached skill level 6 in Spellcasting
  3207 | D:3      | Learned a level 4 spell: Throw Icicle
  3254 | D:4      | Got an ichor-stained ring mail
  3295 | D:4      | Noticed a centaur
  3354 | D:4      | Reached XP level 6. HP: 32/32 MP: 9/17
  3372 | D:4      | Shot with an arrow by a centaur

Skill      XL: |  1  2  3  4  5 |
---------------+----------------+-----
Spellcasting   | 4 5 6 |  6.5
Conjurations   | 2 3 |  3.2
Ice Magic      | 4 |  4.7
Dodging        | |  2.4
Stealth        | |  2.4

Action                   |  1- 3 |  4- 6 || total
-------------------------+-------+-------++-------
Melee: Unarmed           |     2 |       ||     2
       Falchion          |       |     7 ||     7
 Cast: Freeze            |    46 |    25 ||    71
       Throw Frost       |    32 |    23 ||    55
       Ozocubu's Armour  |     2 |       ||     2
       Throw Icicle      |       |     1 ||     1
  Use: Potion            |     2 |     1 ||     3
       Scroll            |     1 |     6 ||     7
  Eat: Chunk             |     3 |     5 ||     8
Armor: Robe              |     5 |     4 ||     9
Dodge: Dodged            |    25 |    20 ||    45
       Rpst.: Falchion   |       |     2 ||     2
